 Dungeon Crawl Stone Soup version 0.30-a0-174-gbc10bd73c2 (webtiles) character file.

Game seed: 1776397668214226698

63 qw the Chopper (level 4, 0/28 HPs)
             Began as a Gargoyle Fighter on Oct 1, 2022.
             Slain by a gnoll
             ... wielding a +0 spear
             ... led by a gnoll bouda
              (3 damage)
             ... on level 3 of the Dungeon.
             The game lasted 00:00:43 (1607 turns).

qw the Chopper (Gargoyle Fighter)                   Turns: 1607, Time: 00:00:43

Health: 0/28       AC: 10    Str: 21    XL:     4   Next: 10%
Magic:  4/4        EV:  9    Int:  9    God:
Gold:   40         SH:  4    Dex:  9    Spells: 3/3 levels left

rFire   . . .      SeeInvis .    Y - +0 war axe
rCold   . . .      Faith    .    c - +0 buckler
rNeg    + . .      Spirit   .    b - +0 scale mail
rPois   inf        Reflect  .    (no helmet)
rElec   +          Harm     .    (no cloak)
rCorr   .          Rampage  .    (no gloves)
Will    .....                    (no boots)
Stlth   ..........               (no amulet)
HPRegen 0.24/turn                (no ring)
MPRegen 0.09/turn                (no ring)

@: weakened
A: sickness immunity, AC +3, negative energy resistance 1, electricity
resistance, torment resistance 1, petrification resistance
a: no special abilities


You were on level 3 of the Dungeon.
You visited 1 branch of the dungeon, and saw 3 of its levels.

You collected 106 gold pieces.
You spent 66 gold pieces at shops.


Innate Abilities, Weirdness & Mutations

You are immune to sickness and miasma.
Your stone body is resilient. (AC +3)
You are immune to poison.
You resist negative energy. (rN+)
You are resistant to electric shocks. (rElec)
You are resistant to unholy torment.
You are immune to petrification.


   Skills:
 - Level 3.2 Fighting
 + Level 3.9 Axes
 - Level 3.2 Armour
 - Level 3.2 Shields


You had 3 spell levels left.
You didn't know any spells.
Your spell library was empty.

Inventory:

Hand Weapons
 g - a +0 club
 Y - a +0 war axe (weapon)
Armour
 b - a +0 scale mail (worn)
 c - a +0 buckler (worn)
 l - a +0 plate armour
Jewellery
 j - a ring of fire
Scrolls
 i - 4 scrolls of identify
 n - a scroll of amnesia {unknown}
Potions
 a - 2 potions of curing
 d - 3 potions of might
 e - a potion of heal wounds {unknown}
 f - a potion of lignification
 h - a potion of haste {unknown}
 k - a potion of brilliance {unknown}
 m - 2 potions of berserk rage {unknown}
 o - a potion of invisibility {unknown}

Dungeon Overview and Level Annotations

Branches:
Dungeon (3/15)

Altars:

Shops:
D:2 !


Message History

You barely miss the gnoll.
Your attacks no longer feel as feeble.
The gnoll hits you but does no damage.
You barely miss the gnoll. The gnoll barely misses you. The gnoll misses you.
You completely miss the gnoll. You hit the gnoll.
The gnoll hits you with a +0 spear.
The gnoll hits you but does no damage. x2
The gnoll bouda hits you but does no damage.
The gnoll barely misses you. x2
You barely miss the gnoll.
The gnoll is moderately wounded.
You closely miss the gnoll. You barely miss the gnoll bouda.
The gnoll closely misses you. The gnoll hits you with a +0 flail.
The gnoll bouda gazes fiercely through you!
You feel your attacks grow feeble.
The gnoll bouda hits you with a +0 whip!
The gnoll misses you.
The gnoll hits you from afar with a +0 spear.
The gnoll barely misses you.
You slash the gnoll!
The gnoll is severely wounded.
You closely miss the gnoll. You closely miss the gnoll bouda.
The gnoll closely misses you.
A gnoll comes into view. It is wielding a +0 halberd.
The gnoll bouda gazes fiercely through you!
You feel as though you will be weak longer.
The gnoll bouda hits you with a +0 whip.
The gnoll closely misses you. x2
The gnoll hits you from afar with a +0 spear.
The gnoll hits you but does no damage.
You slash the gnoll!
You kill the gnoll!
You closely miss the gnoll. You hit the gnoll bouda.
The gnoll bouda barks out a call to the hunt!
The gnoll picks up the pace!
The gnoll hits you with a +0 spear. The gnoll hits you but does no damage.
You block the gnoll's attack.
The gnoll bouda hits you with a +0 whip!
The gnoll hits you with a +0 spear.
You die...

S...........#.............###
##......##.#.#.##.###.##..
..#.##..##......... ......
#...%.##.#.##.###.####...
#..####..##.#.##g###.## ...
#......................
#.#######.%...#.g...#
#<.####ggg# ##.....@).#
........### #######.# #..#
#.## #.# ###.# #...# ##.###


You could see a gnoll bouda and 4 gnolls.

Vanquished Creatures
  A gnoll (D:3)
  2 adders
  A worm (D:2)
  7 endoplasms
  4 goblins
  6 hobgoblins
  A quokka (D:1)
  6 ball pythons
  5 bats
  A frilled lizard (D:1)
  6 rats
40 creatures vanquished.

Notes
Turn   | Place    | Note
-------+----------+-------------------------------------------
     0 | D:1      | qw the Gargoyle Fighter began the quest for the Orb.
     0 | D:1      | Reached XP level 1. HP: 14/14 MP: 1/1
     0 | D:1      | 0 ||| qw: Version: 0.2-a-13-gfc7b4b4
     0 | D:1      | 0 ||| qw: Game counter: 1933
     0 | D:1      | 0 ||| qw: Always use a shield: true
     0 | D:1      | 0 ||| qw: God list: Okawaru
     0 | D:1      | 0 ||| qw: Allow faded altars: false
     0 | D:1      | 0 ||| qw: Do Orc after D:15 true
     0 | D:1      | 0 ||| qw: Do second Lair branch before Depths: true
     0 | D:1      | 0 ||| qw: Lair rune preference: random
     0 | D:1      | 0 ||| qw: Plans: Normal, Zot:1-4, God:TSO, Crypt, Tomb,
                  | Pan, Slime:5, Hells, Abyss, Orb
     0 | D:1      | 0 ||| PLANNING D:1-11
    35 | D:1      | 35 ||| Stepping ~*~*~tactically~*~*~ (stealth).
   138 | D:1      | Found a faded altar of an unknown god.
   231 | D:1      | Reached XP level 2. HP: 17/19 MP: 2/2
   826 | D:1      | 826 ||| READING scroll labelled VEUREN MIWKOVO.
   827 | D:1      | 827 ||| READING scroll labelled NUPLIFFOSOX.
   867 | D:2      | Found Pompukh's Distillery.
   871 | D:2      | 871 ||| BUYING potion of curing (33 gold).
   871 | D:2      | Bought a potion of curing for 33 gold pieces
   871 | D:2      | 871 ||| SHOPLISTING potion of haste (110 gold, have 33).
   871 | D:2      | 871 ||| BUYING potion of lignification (33 gold).
   871 | D:2      | Bought a potion of lignification for 33 gold pieces
   871 | D:2      | 871 ||| SHOPLISTING potion of mutation (88 gold, have 0).
   871 | D:2      | 871 ||| SHOPLISTING potion of resistance (110 gold, have
                  | 0).
   947 | D:2      | Reached skill level 3 in Axes
   973 | D:2      | Reached XP level 3. HP: 23/23 MP: 3/3
  1322 | D:2      | 1322 ||| READING scroll labelled XUJIME XAFY.
  1323 | D:2      | 1323 ||| READING scroll labelled LOXKUIRPH DEOVI.
  1330 | D:3      | 1330 ||| STAIRDANCE
  1344 | D:3      | 1344 ||| Stepping ~*~*~tactically~*~*~ (stealth).
  1351 | D:3      | 1351 ||| Stepping ~*~*~tactically~*~*~ (stealth).
  1354 | D:3      | 1354 ||| Stepping ~*~*~tactically~*~*~ (stealth).
  1355 | D:3      | 1355 ||| Stepping ~*~*~tactically~*~*~ (stealth).
  1382 | D:3      | 1382 ||| Stepping ~*~*~tactically~*~*~ (stealth).
  1388 | D:3      | 1388 ||| Stepping ~*~*~tactically~*~*~ (stealth).
  1390 | D:3      | 1390 ||| Stepping ~*~*~tactically~*~*~ (stealth).
  1394 | D:3      | 1394 ||| Stepping ~*~*~tactically~*~*~ (stealth).
  1496 | D:3      | Reached XP level 4. HP: 28/28 MP: 4/4
  1593 | D:3      | 1593 ||| Stepping ~*~*~tactically~*~*~ (hiding).
  1607 | D:3      | HP: 3/28 [gnoll bouda/+0 whip (7)]
  1607 | D:3      | Slain by a gnoll

Levels and vault maps discovered:
D:1:      lemuel_arrival_behind_the_door_large, layout_basic,
          shapermc_ecumenical_altar_venn
D:2:      layout_rooms, serial_shops, nicolae_shop_hallway_stairs,
          minmay_misc_feat_square, minmay_pentomino_r2
D:3:      layout_basic, minmay_diced_spiral, uniq_crazy_yiuf_cottage

Skill      XL: |  1  2 |
---------------+-------+-----
Axes           | 2 3 |  3.9
Fighting       | |  3.2
Armour         | |  3.2
Shields        | |  3.2

Action                   |  1- 3 |  4- 6 || total
-------------------------+-------+-------++-------
Melee: War axe           |   113 |    10 ||   123
  Use: Scroll            |     4 |       ||     4
Armor: Scale mail        |    51 |    11 ||    62
Dodge: Dodged            |    51 |    15 ||    66
Block: Buckler           |    18 |     2 ||    20

Table legend:
 A = Non-vault XP
 B = Vault XP
 C = Vault XP percentage of total XP
 D = Non-vault monster count
 E = Vault monster count
 F = Vault count percentage of total count
                 A         B        C        D         E       F
            +---------+---------+-------+---------+---------+-------
      Total |      96 |      10 |   9.4 |      34 |       6 |  15.0
            +---------+---------+-------+---------+---------+-------
        D:1 |      23 |       0 |   0.0 |      14 |       0 |   0.0
        D:2 |      40 |       2 |   4.8 |      14 |       1 |   6.7
        D:3 |      33 |       8 |  19.5 |       6 |       5 |  45.5
            +---------+---------+-------+---------+---------+-------
